 Dungeon Crawl Stone Soup version 0.31-a0-261-g072fdb8a1f (webtiles) character file.

Game seed: 13162923195477199205

72 qw the Shooter (level 4, -2/26 HPs)
             Began as a Gargoyle Hexslinger on July 13, 2023.
             Slain by a gnoll
             ... wielding a +1 halberd of flaming
              (5 damage)
             ... on level 3 of the Dungeon.
             The game lasted 00:00:51 (1591 turns).

qw the Shooter (Gargoyle Hexslinger)                Turns: 1591, Time: 00:00:51

Health: -2/26      AC:  8    Str: 11    XL:     4   Next: 26%
Magic:  5/5        EV: 10    Int: 14    God:
Gold:   51         SH:  5    Dex: 14    Spells: 4/5 levels left

rFire   . . .        Y - +1 sling
rCold   . . .        (no shield)
rNeg    + . .        d - +0 ring mail
rPois   inf          (no helmet)
rElec   +            (no cloak)
rCorr   .            (no gloves)
SInv    .            (no boots)
Will    .....        k - amulet of reflection
Stlth   +            (no ring)
HPRegen 0.24/turn    (no ring)
MPRegen 0.09/turn

%: reflection
@: about to teleport
A: sickness immunity, AC +3, negative energy resistance 1, electricity
resistance, torment resistance 1, petrification resistance
a: no special abilities


You were on level 3 of the Dungeon.
You visited 1 branch of the dungeon, and saw 3 of its levels.

You collected 90 gold pieces.
You spent 39 gold pieces at shops.


Innate Abilities, Weirdness & Mutations

You are immune to sickness and miasma.
Your stone body is resilient. (AC +3)
You are immune to poison.
You resist negative energy. (rN+)
You are resistant to electric shocks. (rElec)
You are resistant to unholy torment.
You are immune to petrification.


   Skills:
 - Level 2.0 Fighting
 - Level 4.1 Ranged Weapons
 + Level 0.1 Armour
 - Level 1.5 Dodging
 - Level 1.0 Spellcasting
 - Level 2.6 Hexes


You had 4 spell levels left.
You knew the following spells:

 Your Spells              Type           Power      Damage    Failure   Level
a - Slow                  Hex            32%        N/A       22%         1

Your spell library contained the following spells:

 Spells                   Type           Power      Damage    Failure   Level
 Inner Flame              Hex/Fire       4%         N/A       73%         3
 Portal Projectile        Hex/Tloc       8%         N/A       73%         3
 Cause Fear               Hex            4%         N/A       91%         4

Inventory:

Hand Weapons
 Y - a +1 sling (weapon)
Armour
 d - a +0 ring mail (worn)
Jewellery
 k - an amulet of reflection (around neck)
Scrolls
 f - a scroll of identify
 i - a scroll of enchant weapon {unknown}
Potions
 b - a potion of berserk rage {unknown}
 c - a potion of enlightenment {unknown}
 e - 2 potions of brilliance {unknown}
 g - 2 potions of curing
 h - a potion of might
 j - a potion of resistance
 l - a potion of heal wounds
 m - a potion of haste {unknown}

Dungeon Overview and Level Annotations

Branches:
Dungeon (3/15)

Altars:

Shops:
D:3 !


Message History

The hobgoblin closely misses you. The gnoll hits you but does no damage.
You shoot a sling bullet. The sling bullet hits the gnoll.
You kill the gnoll!
The hobgoblin hits you but does no damage.
Your Ranged Weapons skill increases to level 4!
You shoot a sling bullet. The sling bullet hits the hobgoblin!
You kill the hobgoblin!
Things that are here:
a +0 whip; a gnoll corpse A gnoll comes into view.
It is wielding a +1 halberd of flaming.
Enter note: You shoot a sling bullet.
The sling bullet closely misses the gnoll.
The gnoll shouts!
You hear a shout!
You shoot a sling bullet.
The sling bullet closely misses the gnoll.
A gnoll comes into view. It is wielding a +0 club.
You shoot a sling bullet. The sling bullet hits the gnoll.
The gnoll is lightly wounded.
You shoot a sling bullet. The sling bullet hits the gnoll.
The gnoll is moderately wounded.
You shoot a sling bullet.
The sling bullet completely misses the gnoll.
The gnoll hits you from afar with a +1 halberd of flaming.
The gnoll burns you.
You shoot a sling bullet.
The sling bullet hits the gnoll but does no damage.
The gnoll is moderately wounded.
The gnoll closely misses you. You block the gnoll's attack.
You shoot a sling bullet.
The sling bullet barely misses the gnoll.
The gnoll hits you with a +0 club.
The gnoll hits you from afar with a +1 halberd of flaming!
The gnoll burns you.
1591 ||| READING scroll of teleportation.
As you read the scroll of teleportation, it crumbles to dust.
You feel strangely unstable.
The gnoll hits you from afar with a +1 halberd of flaming.
You die...

...............
#.................
#.................
#.......>.........
##.................
...................
.##...........g.....
............@g......
##.......).......###
#..........#######
#........### .........#
##.....## ##.....##
##...))###
###.....###############


You could see 2 gnolls.

Vanquished Creatures
  A gnoll (D:3)
  An adder (D:2)
  A worm (D:2)
  An orc (D:3)
  4 endoplasms (D:1)
  4 giant cockroaches
  2 goblins
  3 hobgoblins
  5 quokkas
  5 ball pythons
  4 bats
  7 frilled lizards
  3 kobolds
  10 rats
51 creatures vanquished.

Notes
Turn   | Place    | Note
-------+----------+-------------------------------------------
     0 | D:1      | qw the Gargoyle Hexslinger began the quest for the Orb.
     0 | D:1      | Reached XP level 1. HP: 12/12 MP: 2/2
     0 | D:1      | 0 ||| qw: Version: 0.3-a-52-g30416fa
     0 | D:1      | 0 ||| qw: Game counter: 6980
     0 | D:1      | 0 ||| qw: Melee chars always use a shield: true
     0 | D:1      | 0 ||| qw: God list: Okawaru
     0 | D:1      | 0 ||| qw: Allow faded altars: false
     0 | D:1      | 0 ||| qw: Do Orc after clearing Dungeon:15 true
     0 | D:1      | 0 ||| qw: Do second Lair branch before Depths: true
     0 | D:1      | 0 ||| qw: Lair rune preference: random
     0 | D:1      | 0 ||| qw: Goals: Normal
     0 | D:1      | 0 ||| PLANNING D:1-11
   126 | D:1      | Reached XP level 2. HP: 9/16 MP: 3/3
   203 | D:1      | Reached skill level 3 in Ranged Weapons
   459 | D:1      | Reached XP level 3. HP: 21/21 MP: 4/4
   630 | D:1      | 630 ||| UPGRADING to +0 ring mail.
   640 | D:1      | 640 ||| DROPPING +0 robe.
   641 | D:1      | 641 ||| UPGRADING to amulet of reflection.
   646 | D:1      | 646 ||| READING 2 scrolls labelled QUCLEA SAODGH.
   649 | D:1      | 649 ||| READING 2 scrolls labelled KELAMPYXYZ.
   650 | D:1      | 650 ||| READING 2 scrolls labelled VEHUWA DICLOIXT.
   651 | D:1      | 651 ||| READING scroll labelled KONOEMOCIX.
   652 | D:1      | 652 ||| DRINKING 2 lumpy silvery potions.
   653 | D:1      | 653 ||| DRINKING 2 yellow potions.
   654 | D:1      | 654 ||| DRINKING 2 metallic dark potions.
   682 | D:1      | 682 ||| DROPPING scroll of poison.
   683 | D:1      | 683 ||| DROPPING scroll of fog.
   684 | D:1      | 684 ||| DROPPING potion of lignification.
   791 | D:2      | 791 ||| READING scroll labelled JACOAS SAENUEG.
  1404 | D:2      | 1404 ||| DROPPING ring of flight.
  1405 | D:2      | 1405 ||| READING scroll labelled YRANASU SESH.
  1406 | D:2      | 1406 ||| READING scroll labelled CAOS KOMESS.
  1407 | D:2      | 1407 ||| DRINKING 2 fizzy grey potions.
  1408 | D:2      | 1408 ||| DRINKING 2 black potions.
  1462 | D:3      | Found Mawu Ubi's Distillery.
  1476 | D:3      | 1476 ||| BUYING potion of curing (39 gold).
  1476 | D:3      | Bought a potion of curing for 39 gold pieces
  1476 | D:3      | 1476 ||| SHOPLISTING potion of curing (39 gold, have 17).
  1476 | D:3      | 1476 ||| SHOPLISTING potion of heal wounds (65 gold, have
                  | 17).
  1476 | D:3      | 1476 ||| SHOPLISTING potion of might (52 gold, have 17).
  1487 | D:3      | Reached XP level 4. HP: 26/26 MP: 5/5
  1579 | D:3      | Reached skill level 4 in Ranged Weapons
  1590 | D:3      | HP: 3/26 [gnoll/+1 halberd of flaming (4)]
  1591 | D:3      | 1591 ||| READING scroll of teleportation.
  1591 | D:3      | Slain by a gnoll

Levels and vault maps discovered:
D:1:      dpeg_arrival_pits, layout_basic, minmay_pentomino_p4
D:2:      layout_basic, minmay_fractal_squares_gapless_5
D:3:      layout_rooms, serial_shops, shop, shop,
          nicolae_shop_bloodbath_and_beyond, shop, shop,
          dreamdust_ecumenical_altar_hidden_monk_grotto, grunt_ministairs_6

Skill      XL: |  1  2  3  4 |
---------------+-------------+-----
Ranged Weapons | 3 4 |  4.1
Fighting       | 2 |  2.0
Armour         | |  0.1
Dodging        | |  1.5
Spellcasting   | |  1.0
Hexes          | |  2.6

Action                     |  1- 3 |  4- 6 || total
---------------------------+-------+-------++-------
   Fire: Sling             |   155 |    35 ||   190
    Use: Scroll            |     7 |     1 ||     8
         Potion            |     5 |       ||     5
 Armour: Robe              |    13 |       ||    13
         Ring mail         |    22 |     5 ||    27
  Dodge: Dodged            |    45 |     5 ||    50
  Block: Other             |    10 |     4 ||    14

Table legend:
 A = Non-vault XP
 B = Vault XP
 C = Vault XP percentage of total XP
 D = Non-vault monster count
 E = Vault monster count
 F = Vault count percentage of total count
                 A         B        C        D         E       F
            +---------+---------+-------+---------+---------+-------
      Total |      78 |      26 |  25.0 |      43 |       8 |  15.7
            +---------+---------+-------+---------+---------+-------
        D:1 |      40 |       3 |   7.0 |      26 |       3 |  10.3
        D:2 |      10 |      20 |  66.7 |       7 |       3 |  30.0
        D:3 |      28 |       3 |   9.7 |      10 |       2 |  16.7
            +---------+---------+-------+---------+---------+-------
